 Dungeon Crawl Stone Soup version 0.19-a0-975-gfff5315 (webtiles) character file.

56315 mopl the Fighter (level 14, -5/132 HPs)
             Began as a Pale Draconian Gladiator on July 13, 2016.
             Was a Priest of Uskayaw.
             Slain by an orc warrior
             ... wielding a +0 trident
              (32 damage)
             ... on level 1 of the Orcish Mines.
             The game lasted 00:42:32 (17336 turns).

mopl the Fighter (Pale Draconian Gladiator)        Turns: 17336, Time: 00:42:33

Health: -5/132     AC: 15    Str: 23    XL:     14   Next: 41%
Magic:  25/31      EV: 20    Int: 13    God:    Uskayaw [***...]
Gold:   1163       SH:  0    Dex: 16    Spells: 0 memorised, 13 levels left

rFire  + . .     SeeInvis .     A - +9 morningstar of Charity {freeze, *Drain MR+ MP+9 Int+4}
rCold  . . .     Gourm    .     (armour unavailable)
rNeg   . . .     Faith    .     (no shield)
rPois  .         Spirit   .     b - +0 hat
rElec  .         Dismiss  .     g - +1 cloak
rCorr  .         Reflect  .     Y - +0 pair of gloves
SustAt .         Harm     .     (no boots)
MR     ++...                    J - amulet of regeneration
Stlth  ++........               f - ring of protection from fire
                                V - +4 ring of protection

@: mighty, very slightly contaminated, hasted, very quick, very resistant to
hostile enchantments, unstealthy
A: breathe steam, unfitting armour, cold-blooded, AC +8
a: Breathe Steam, Stomp, Line Pass, Renounce Religion


You were on level 1 of the Orcish Mines.
You worshipped Uskayaw.
Uskayaw was aware of your devotion.
You were very hungry.

You visited 4 branches of the dungeon, and saw 19 of its levels.

You collected 1295 gold pieces.
You spent 132 gold pieces at shops.

Inventory:

Hand Weapons
 A - the +9 morningstar of Charity (weapon) {freeze, *Drain MR+ MP+9 Int+4}
   (You found it on level 2 of the Dungeon)

   It has been specially enchanted to freeze those struck by it, causing extra
   injury to most foes and up to half again as much damage against particularly
   susceptible opponents.
   It can also slow down cold-blooded creatures.
   It affects your intelligence (+4).
   It affects your resistance to hostile enchantments.
   It affects your magic capacity (+9).
   It causes draining when unequipped.
Missiles
 c - 5 throwing nets
 U - 5 javelins
 W - 4 poisoned tomahawks
 X - 14 tomahawks (quivered)
Armour
 b - a +0 hat (worn)
 g - a +1 cloak (worn)
 Y - a +0 pair of gloves (worn)
Jewellery
 f - a ring of protection from fire (right hand)
 l - an uncursed ring of flight
 t - an uncursed ring of positive energy
 I - an uncursed amulet of rage
 J - an amulet of regeneration (around neck)
 V - a +4 ring of protection (left hand)
Wands
 q - a wand of slowing (24/48)
 r - a wand of iceblast (2/15)
 w - a wand of iceblast (6/15)
 E - a wand of digging (16/24)
 F - a wand of lightning (9/15)
 H - a wand of confusion (29/48)
 K - a wand of disintegration (14/24)
 L - a wand of slowing (27/48)
 R - a wand of teleportation (2/9)
Scrolls
 e - 9 scrolls of remove curse
 h - 6 scrolls of magic mapping {unknown}
 j - 9 scrolls of noise {unknown}
 m - 4 scrolls of recharging {unknown}
 u - 6 scrolls of enchant weapon {unknown}
 Z - 9 scrolls of identify
Potions
 n - 4 potions of agility
 o - a potion of resistance
 x - 2 potions of invisibility
 z - 2 potions of haste
 D - a potion of berserk rage {!q}
 M - 3 potions of curing
 N - 2 potions of flight
 O - 3 potions of might
 Q - 4 potions of lignification {!q}
Miscellaneous
 p - 2 phantom mirrors
Comestibles
 a - a chunk of flesh
 d - 17 bread rations


   Skills:
 + Level 14.2 Fighting
   Level 14.0 Staves
 + Level 5.3 Throwing
 + Level 10.8 Dodging
 + Level 11.6 Invocations
 + Level 6.1 Evocations


You had 13 spell levels left.
You didn't know any spells.

Dungeon Overview and Level Annotations

Branches:
Dungeon (11/15)            Temple (1/1) D:7            Lair (6/6) D:9
 Shoals (0/4) Lair:3       Spider (0/4) Lair:2        Slime (0/5) Lair:5
    Orc (1/2) D:11

Altars:
Dithmenos
Elyvilon
Makhleb
Okawaru
Pakellas
Qazlal
Sif Muna
Trog
Uskayaw
Vehumet
Yredelemnul
Zin
The Shining One
Beogh

Shops:
D:11 *


Innate Abilities, Weirdness & Mutations

You can breathe blasts of scalding, opaque steam.
Your pale cyan-grey scales are hard. (AC +8)
Your body does not fit into most forms of armour.
You are cold-blooded and may be slowed by cold attacks.


Message History

The orc knight is severely wounded.
The orc no longer looks unusually strong.
You puncture the orc knight! You freeze the orc knight.
You kill the orc knight!
You can now pass through a line of other dancers.
You impale the orc warrior!! You freeze the orc warrior.
The orc warrior is almost dead.
The orc warrior misses you.
You puncture the orc warrior! You freeze the orc warrior.
You kill the orc warrior!
The orc warrior no longer looks unusually strong.
The orc warrior hits you from afar with a trident!!
* * * LOW HITPOINT WARNING * * *
You puncture the orc! You freeze the orc.
You kill the orc!
The orc warrior sings a few bars from the Orcish anthem.
Uskayaw will force your foes to helplessly watch your dance.
You closely miss the orc warrior.
The orc warrior hits you from afar with a trident!!
You die...

### ##.### ##.%..## ##
#....%.###
##.####.#...#%##
#....#..(......#
#......#.....##
###.....@().##
###..##o#### ##
##...#[oo..#
##.#####...##.....#
.....#....###.....# .
#.........###..._.# ..
.#.......######## ..$.
####......#...###
.#...#.#..#...###.##.##


You could see 3 orc warriors.

Vanquished Creatures
  Nessos (Lair:6)
  An ettin (Orc:1)
  8 hydras
  A catoblepas (Lair:6)
  Erica (Lair:1)
  A deep troll shaman (Lair:6)
  13 death yaks
  The ghost of TBriggs11TB the Blocker, a novice FoFi of Cheibriados (D:9)
  A fire crab (Lair:3)
  2 hill giants (D:10)
  A wolf spider zombie (D:11)
  Pikel (D:7)
  5 orc knights (Orc:1)
  A cyclops (Orc:1)
  3 ugly things (D:11)
  6 elephants
  A siren (Lair:3)
  2 black mambas
  5 spiny frogs
  A kobold demonologist (D:11)
  A rime drake (Lair:6)
  7 komodo dragons
  6 polar bears
  4 trolls
  3 blink frogs (Lair:6)
  Sigmund (D:3)
  A wyvern (Lair:5)
  56 yaks
  3 basilisks
  Grum (D:8)
  3 hungry ghosts
  7 hippogriffs
  A mottled dragon (D:11)
  6 water moccasins
  Duvessa (D:7)
  9 porcupines
  14 orc warriors
  6 ice beasts
  2 sky beasts
  6 black bears
  3 phantoms
  14 wolves
  6 ogres
  4 centaurs
  7 crocodiles
  A big kobold (D:9)
  16 giant frogs
  Dowan (D:7)
  9 scorpions
  16 wights
  3 killer bees (D:9)
  A howler monkey (D:4)
  2 crimson imps
  A giant frog zombie (D:9)
  5 jellies
  5 hounds
  A gnoll shaman (D:8)
  8 orc priests
  Crazy Yiuf (D:7)
  A centaur skeleton (D:11)
  A giant frog skeleton (D:9)
  16 orc wizards
  17 iguanas
  A killer bee zombie (D:7)
  5 worker ants
  A hound zombie (D:5)
  A hound skeleton (D:7)
  A howler monkey zombie (D:7)
  2 worker ant zombies
  12 adders
  5 gnolls (D:8)
  46 river rats
  6 shadow imps
  7 oozes
  An adder skeleton (D:4)
  An adder zombie (D:7)
  2 worms (D:2)
  2 dart slugs
  11 giant geckos
  86 orcs
  12 giant cockroaches
  13 goblins
  8 hobgoblins
  12 jackals
  11 kobolds
  8 quokkas
  3 ball pythons
  10 bats
  A giant gecko zombie (D:6)
  4 giant newts
  A jackal skeleton (D:5)
  15 rats
  A fungus (D:11)
  A plant (D:9)
623 creatures vanquished.

Vanquished Creatures (others)
  A porcupine (Lair:5)
  4 river rats (Lair:5)
  An orc (D:9)
  A bush (Lair:6)
  10 fungi
  4 plants
21 creatures vanquished.

Grand Total: 644 creatures vanquished

Notes
Turn   | Place    | Note
-------+----------+-------------------------------------------
     0 | D:1      | mopl the Draconian Gladiator began the quest for the Orb.
     0 | D:1      | Reached XP level 1. HP: 17/17 MP: 1/1
    71 | D:1      | Reached XP level 2. HP: 20/24 MP: 2/2
   366 | D:1      | Reached skill level 4 in Staves
   482 | D:1      | Reached XP level 3. HP: 28/29 MP: 3/3
  1091 | D:2      | Reached skill level 5 in Staves
  1091 | D:2      | Reached XP level 4. HP: 35/36 MP: 4/4
  1458 | D:2      | Noticed a centaur
  1463 | D:2      | Killed a centaur
  1463 | D:2      | Reached skill level 6 in Staves
  1463 | D:2      | Reached XP level 5. HP: 36/41 MP: 5/5
  1486 | D:2      | Got a scorched morningstar
  1487 | D:2      | Identified the +9 morningstar of Charity {freeze, *Drain MR+ MP+9 Int+4} (You found it on level 2 of the Dungeon)
  1859 | D:3      | Noticed Sigmund
  1864 | D:3      | Killed Sigmund
  1864 | D:3      | Reached skill level 7 in Staves
  1864 | D:3      | Reached XP level 6. HP: 39/48 MP: 6/6
  2593 | D:4      | Reached skill level 8 in Staves
  2695 | D:4      | Your scales start taking on a pale cyan-grey colour.
  2695 | D:4      | Reached XP level 7. HP: 54/55 MP: 7/7
  2916 | D:4      | Found a basalt altar of Yredelemnul.
  3368 | D:4      | Reached skill level 9 in Staves
  3655 | D:5      | Entered Level 5 of the Dungeon
  3722 | D:5      | Found a radiant altar of Vehumet.
  3725 | D:5      | Found a deep blue altar of Sif Muna.
  3740 | D:5      | Found an oddly glowing altar of Pakellas.
  3743 | D:5      | Found a bloodstained altar of Trog.
  4211 | D:5      | Reached XP level 8. HP: 48/61 MP: 8/8
  4216 | D:5      | Reached skill level 10 in Staves
  4228 | D:5      | Found a glowing silver altar of Zin.
  4229 | D:5      | Found a glowing golden altar of the Shining One.
  4258 | D:5      | Found a shadowy altar of Dithmenos.
  4366 | D:6      | Got a crystal short sword
  4372 | D:6      | Reached skill level 8 in Fighting
  4372 | D:6      | Reached skill level 13 in Staves
  4372 | D:6      | Reached XP level 9. HP: 81/81 MP: 9/9
  4463 | D:6      | Found a basalt altar of Yredelemnul.
  5158 | D:7      | Reached skill level 14 in Staves
  5295 | D:7      | Noticed Duvessa
  5296 | D:7      | Noticed Dowan
  5302 | D:7      | Killed Duvessa
  5302 | D:7      | Reached skill level 3 in Dodging
  5448 | D:7      | Killed Dowan
  5478 | D:7      | Noticed Pikel
  5478 | D:7      | Found a staircase to the Ecumenical Temple.
  5481 | D:7      | Killed Pikel
  5481 | D:7      | Reached skill level 4 in Dodging
  5481 | D:7      | Reached XP level 10. HP: 90/90 MP: 10/10
  5500 | Temple   | Entered the Ecumenical Temple
  5550 | Temple   | Became a worshipper of Uskayaw the Reveler
  5609 | D:7      | Reached * piety under Uskayaw
  5618 | D:7      | Found a runed door.
  5622 | D:7      | Noticed Crazy Yiuf
  5626 | D:7      | Killed Crazy Yiuf
  5820 | D:7      | Reached skill level 9 in Fighting
  5833 | D:7      | Found a stormy altar of Qazlal.
  6029 | D:8      | Reached ** piety under Uskayaw
  6069 | D:8      | Reached skill level 1 in Invocations
  6073 | D:8      | Reached *** piety under Uskayaw
  6082 | D:8      | Reached **** piety under Uskayaw
  6221 | D:8      | Noticed Grum
  6225 | D:8      | Reached skill level 2 in Invocations
  6225 | D:8      | Reached ***** piety under Uskayaw
  6227 | D:8      | Killed Grum
  6791 | D:9      | Reached skill level 5 in Dodging
  6849 | D:9      | Reached skill level 3 in Invocations
  7008 | D:9      | Noticed TBriggs11TB's ghost (novice FoFi)
  7122 | D:9      | Found a white marble altar of Elyvilon.
  7171 | D:9      | Reached skill level 4 in Invocations
  7291 | D:9      | Found a staircase to the Lair.
  7308 | Lair:1   | Entered Level 1 of the Lair of Beasts
  7308 | Lair:1   | Noticed Erica
  7312 | Lair:1   | Killed Erica
  7312 | Lair:1   | Reached skill level 10 in Fighting
  7312 | Lair:1   | Reached XP level 11. HP: 77/99 MP: 14/14
  7479 | D:9      | Reached skill level 5 in Invocations
  7546 | D:9      | Reached skill level 6 in Dodging
  7553 | D:9      | Killed TBriggs11TB's ghost
  7870 | D:9      | Found a roughly hewn altar of Beogh.
  7979 | D:10     | Entered Level 10 of the Dungeon
  8340 | D:10     | Noticed a hill giant
  8346 | D:10     | Killed a hill giant
  8376 | D:10     | Reached skill level 6 in Invocations
  8522 | D:9      | Found a stormy altar of Qazlal.
  8678 | D:10     | Reached skill level 7 in Dodging
  8857 | Lair:1   | Reached skill level 11 in Fighting
  9062 | Lair:1   | Noticed a seven-headed hydra
  9233 | Lair:1   | Reached skill level 7 in Invocations
  9233 | Lair:1   | Reached ****** piety under Uskayaw
  9641 | Lair:2   | Reached XP level 12. HP: 97/110 MP: 17/17
  9727 | Lair:2   | Reached skill level 8 in Dodging
 10003 | Lair:2   | Found a hole to the Spider Nest.
 10065 | Lair:2   | Reached skill level 8 in Invocations
 10138 | Lair:2   | Reached skill level 12 in Fighting
 10817 | Lair:3   | Noticed a five-headed hydra
 10825 | Lair:3   | Killed a five-headed hydra
 10910 | Lair:3   | Reached skill level 9 in Invocations
 10921 | Lair:3   | Reached skill level 9 in Dodging
 11462 | Lair:3   | Found a staircase to the Shoals.
 11852 | Lair:4   | Noticed a six-headed hydra
 11873 | Lair:4   | Killed a six-headed hydra
 12076 | Lair:4   | You fall through a shaft!
 12208 | Lair:5   | Found a staircase to the Slime Pits.
 12743 | Lair:5   | Noticed a four-headed hydra
 12752 | Lair:5   | Killed a four-headed hydra
 12752 | Lair:5   | Reached XP level 13. HP: 83/119 MP: 20/20
 12879 | Lair:5   | Reached skill level 13 in Fighting
 13097 | Lair:5   | Reached skill level 10 in Invocations
 13296 | Lair:6   | Entered Level 6 of the Lair of Beasts
 13396 | Lair:4   | Reached skill level 2 in Throwing
 13413 | Lair:4   | Reached skill level 1 in Evocations
 13813 | Lair:6   | Reached skill level 2 in Evocations
 14223 | Lair:6   | Reached skill level 3 in Throwing
 14291 | Lair:6   | Noticed Nessos
 14305 | Lair:6   | Reached skill level 10 in Dodging
 14321 | Lair:6   | Killed Nessos
 14321 | Lair:6   | Reached skill level 3 in Evocations
 14802 | Lair:6   | Reached skill level 4 in Throwing
 14806 | Lair:6   | Reached skill level 4 in Evocations
 15050 | Lair:5   | Reached skill level 11 in Invocations
 15568 | Lair:6   | Reached XP level 14. HP: 83/130 MP: 22/22
 15582 | Lair:6   | Reached skill level 5 in Evocations
 16007 | D:11     | Found a staircase to the Orcish Mines.
 16181 | D:11     | Found Oprenn's General Store.
 16197 | D:11     | Bought a potion of heal wounds for 60 gold pieces
 16197 | D:11     | Bought a scroll of identify for 24 gold pieces
 16197 | D:11     | Bought a potion of agility for 48 gold pieces
 16326 | D:11     | Reached skill level 14 in Fighting
 16384 | D:11     | Got a slimy trident
 17149 | Orc:1    | Entered Level 1 of the Orcish Mines
 17170 | Orc:1    | Reached skill level 5 in Throwing
 17285 | Orc:1    | Found a roughly hewn altar of Beogh.
 17309 | Orc:1    | Reached skill level 6 in Evocations
 17336 | Orc:1    | Slain by an orc warrior

Vault maps used:
D:1:      scummos_arrival_simple_fountains
D:2:      kennysheep_minor_cross, minmay_divided_ellipse
D:3:      first_bread, hex_tiny, minmay_goblin_kobold_house, uniq_sigmund
D:4:      kennysheep_mini
D:5:      grunt_temple_overflow_cloverleaf, grunt_dithmenos_shadows, minitemple
D:6:      yredelemnul_altar_generic
D:7:      lemuel_round_altar, uniq_crazy_yiuf_cottage, uniq_pikel, uniq_duvessa
D:8:      uniq_grum
D:9:      lemuel_upstairs_altar, elyvilon_altar_3, david_lair_shrubbed,
          special_room
D:11:     old_forge, hiddenorc1_lemuel, serial_shops, shop
Temple:   minmay_temple_forest_path
Lair:1:   uniq_erica
Lair:2:   beast_lair_carwin_large_2, spider_nest_entry_web_field, pond
Lair:3:   minmay_shoals_entry_lonely_mermaid
Lair:5:   nicolae_slime_entry_slimehenge, serial_bayou_pond_a,
          grunt_megastairs_4
Lair:6:   grunt_lair_end_beastmaster, lemuel_fruit_tree, uniq_nessos
Orc:1:    portal_ice_cave_rime, special_room

Skill      XL: |  1  2  3  4  5  6  7  8  9 10 11 12 13 14 |
---------------+-------------------------------------------+-----
Staves         | 4 5 6 7 8 9 13 14 | 14.0
Fighting       | 8 10 11 12 13 14 | 14.2
Dodging        | 4 5 7 9 10 | 10.8
Invocations    | 4 7 9 11 | 11.6
Throwing       | 4 5 |  5.3
Evocations     | 4 6 |  6.1

Action                   |  1- 3 |  4- 6 |  7- 9 | 10-12 | 13-15 || total
-------------------------+-------+-------+-------+-------+-------++-------
Melee: Quarterstaff      |   109 |    48 |       |       |       ||   157
       Tailslap          |     9 |    11 |    15 |    85 |    84 ||   204
       Morningstar       |       |    73 |   172 |   736 |   450 ||  1431
Throw: Tomahawk          |       |       |       |       |     7 ||     7
Invok: Stomp             |       |       |       |     3 |       ||     3
       Line Pass         |       |       |       |     1 |     3 ||     4
       Grand Finale      |       |       |       |     1 |     1 ||     2
Evoke: Wand              |       |       |     1 |     9 |     5 ||    15
  Use: Scroll            |       |       |    11 |     5 |     1 ||    17
       Potion            |       |       |     1 |     1 |     6 ||     8
 Stab: Sleeping          |     3 |     2 |     1 |     7 |       ||    13
       Paralysed         |       |       |       |    44 |    27 ||    71
       Confused          |       |       |       |       |     1 ||     1
  Eat: Chunk             |     1 |     5 |    13 |    25 |    14 ||    58
       Pizza             |       |       |       |     1 |       ||     1
       Beef jerky        |       |       |       |       |     2 ||     2
Armor: Skin              |    17 |    47 |    57 |   266 |   101 ||   488
Dodge: Dodged            |    79 |    95 |   130 |   607 |   426 ||  1337
